 Dungeon Crawl Stone Soup version 0.32-a0-43-g058985b245 (webtiles) character file.

Game seed: 6420909202924835530

4107 Atlas the Thaumaturge (level 10, -7/65 HPs)
             Began as a Demonspawn Fire Elementalist on Feb 5, 2024.
             Was a Follower of Vehumet.
             Killed by the air
             ... invoked by Gastronok
              (32 damage)
             ... on level 9 of the Dungeon.
             The game lasted 00:11:27 (10257 turns).

Atlas the Thaumaturge (DsFE)                       Turns: 10257, Time: 00:11:27

Health: -7/65      AC: 12    Str:  8    XL:     10   Next: 6%
Magic:  2/22       EV: 28    Int: 28    God:    Vehumet [*.....]
Gold:   1268       SH:  4    Dex: 16    Spells: 13/26 levels left

rFire   . . .        n - +8 trident of the Magi {heavy, ^Contam Int+2 Dex+2 SInv}
rCold   . . .        (no shield)
rNeg    . . .        B - +0 steam dragon scales
rPois   .            (no helmet)
rElec   .            p - +0 cloak
rCorr   .            (no gloves)
SInv    +            (no boots)
Will    .....        C - amulet of the acrobat
Stlth   ++           E - +6 ring of intelligence
HPRegen 0.30/turn    (no ring)
MPRegen 0.18/turn

%: acrobat
@: sanguine armoured, acrobatic
A: sanguine armour 1, condensation shield, weakness stinger 1
a: Renounce Religion


You were on level 9 of the Dungeon.
You worshipped Vehumet.
Vehumet was aware of your devotion.
You visited 2 branches of the dungeon, and saw 10 of its levels.

You collected 1684 gold pieces.
You spent 416 gold pieces at shops.

Inventory:

Hand Weapons
 n - the +8 trident of the Magi (weapon) {heavy, ^Contam Int+2 Dex+2 SInv}
   (You found it on level 2 of the Dungeon)

   Int+2:     It affects your intelligence (+2).
   Dex+2:     It affects your dexterity (+2).
   SInv:      It lets you see invisible.
   ^Contam:   It causes magical contamination when unequipped.
Armour
 p - a +0 cloak (worn)
 B - +0 steam dragon scales (worn)
Jewellery
 C - an amulet of the acrobat (around neck)
 E - a +6 ring of intelligence (left hand)
Wands
 c - a wand of mindburst (5)
 y - a wand of polymorph (7)
 z - a wand of flame (27)
Scrolls
 e - a scroll of vulnerability
 f - 2 scrolls of poison
 g - a scroll of noise
 h - a scroll of enchant weapon
 i - a scroll of fog
 k - 6 scrolls of teleportation
 s - a scroll of silence
 u - a scroll of amnesia
 w - a scroll of blinking
 x - 3 scrolls of fear
 A - a scroll of enchant armour
Potions
 a - 2 potions of berserk rage {unknown}
 b - 2 potions of magic
 d - 3 potions of curing {unknown}
 j - a potion of cancellation {unknown}
 l - a potion of attraction {unknown}
 m - a potion of degeneration {unknown}
 o - a potion of might {unknown}
 t - 3 potions of haste {unknown}
 D - a potion of brilliance {unknown}
 F - 2 potions of heal wounds {unknown}
 G - a potion of mutation {unknown}
 H - a potion of enlightenment {unknown}


   Skills:
 + Level 1.0 Fighting
 + Level 2.1 Polearms
 + Level 2.9 Armour
 + Level 3.4 Dodging
 - Level 2.2 Stealth
 + Level 0.7 Shields
 - Level 1.1 Unarmed Combat
 + Level 8.6 Spellcasting
 + Level 3.7 Conjurations
 + Level 8.6 Fire Magic


You had 13 spell levels left.
You knew the following spells:

 Your Spells              Type           Power      Damage    Failure   Level
a - Scorch                Fire           100%       2d9       1%          2
b - Foxfire               Conj/Fire      100%       2x1d9     1%          1
c - Flame Wave            Conj/Fire      46%        2d12      3%          4
d - Starburst             Conj/Fire      23%        6d8       50%         6

Your spell library contained the following spells:

 Spells                   Type           Power      Damage    Failure   Level
 Shock                    Conj/Air       88%        1d8       2%          1
 Inner Flame              Hex/Fire       36%        N/A       2%          3
 Volatile Blastmotes      Fire/Tloc      72%        2d16      2%          3
 Summon Blazeheart Golem  Fire/Summ      36%        N/A       8%          4
 Fugue of the Fallen      Necr           12%        N/A       14%         3
 Ozocubu's Armour         Ice            12%        N/A       14%         3
 Manifold Assault         Tloc           12%        N/A       43%         4
 Irradiate                Conj/Alch      11%        3d15      52%         5
 Plasma Beam              Fire/Air       18%        2x1d29    77%         6
 Orb of Destruction       Conj           16%        9d7       100%        7
 Spellforged Servitor     Conj/Summ      11%        N/A       100%        7
 Ignition                 Fire           28%        3d9       100%        8


Dungeon Overview and Level Annotations

Branches:
Dungeon (9/15)             Temple (1/1) D:5
   Lair: D:8-11         Orc: D:9-12

Altars:
Ashenzari
Cheibriados
Dithmenos
Fedhas
Gozag
Hepliaklqana
Kikubaaqudgha
Makhleb
Nemelex Xobeh
Okawaru
Qazlal
Ru
Sif Muna
Trog
Uskayaw
Vehumet
Wu Jian
Xom
Yredelemnul

Shops:
D:4 :   D:6 ([(=:

Annotations:
D:9 Gastronok
Temple 4 transporters


Innate Abilities, Weirdness & Mutations

When seriously injured, your blood forms armour. (AC +6)
A meltable shield of frost defends you. (SH +4)
You have a small tail.


Message History

Gastronok gurgles, "A snack!
A snack!"
Gastronok mumbles some strange words.
Unknown command.
A wave of flame ripples out!
The flame wave engulfs the bat!
You kill the bat!
The bat's corpse disappears in a puff of smoke!
The flame wave engulfs Gastronok!!
Gastronok is burned terribly!
Gastronok is severely wounded.
The flame wave engulfs the bat!
You kill the bat!
The bat's corpse disappears in a puff of smoke!
The flame wave engulfs the river rat!
The river rat is almost dead.
You finish channelling waves of flame.
You hear the faint creaking of a very distant portcullis.
Unknown command.
Casting: Flame Wave (dangerous; 3% risk of failure)
Confirm with . or Enter, or press ? or * to list all spells.
Casting: Flame Wave (dangerous; 3% risk of failure)
Press: ? - help, Dir - look around, f - activate A wave of flame ripples out!
The flame wave engulfs Gastronok!
Gastronok is burned terribly!
Gastronok is severely wounded. (Press . to intensify the flame waves.) Gastronok bites you!
A wave of flame ripples out!
The flame wave engulfs Gastronok.
Gastronok is burned terribly!
Gastronok is severely wounded.
The flame wave engulfs the river rat!
You kill the river rat!
The river rat's corpse disappears in a puff of smoke!
Unknown command.
A wave of flame ripples out!
The flame wave engulfs Gastronok!
Gastronok is burned terribly!
Gastronok is almost dead.
You finish channelling waves of flame.
Gastronok waves his eye-stalks in wide circles.
The air twists around and strikes you!!
You die...
Gastronok gurgles, "Time to dig in!"

#....####.###'##.#.
#....#......<).....
#....#...........#.
#....+.......).).#
#....#.............
#....#..........)..
#....#.............
#>...#.........#...
#.@.###..###...##..
##w## ... #....
#....# #....+
#...## #+###


You could see Gastronok (swift, combustible).

Vanquished Creatures
  Jeremiah (D:8)
  A hornet (D:8)
  Sigmund (D:3)
  3 wyverns
  2 steam dragons
  Menkaure (D:4)
  2 water moccasins
  Duvessa (D:7)
  2 ice beasts
  A sky beast (D:7)
  3 ogres
  A phantom (D:5)
  2 bullfrogs
  2 scorpions
  5 wights (D:8)
  Dowan (D:7)
  4 howler monkeys
  6 orc priests
  A bombardier beetle (D:5)
  2 hounds
  3 jellies
  Crazy Yiuf (D:2)
  2 gnoll boudas
  2 orc wizards (D:3)
  4 sleepcaps
  12 adders
  15 gnolls
  2 shadow imps
  3 white imps
  5 dart slugs
  26 orcs
  6 ball pythons
  9 endoplasms
  3 giant cockroaches
  9 goblins
  7 hobgoblins
  2 jackals (D:3)
  8 kobolds
  11 quokkas
  8 bats
  8 frilled lizards
  6 rats
194 creatures vanquished.

Vanquished Creatures (others)
  A gnoll bouda (D:4)
  An orc wizard (D:4)
  An orc (D:4)
  2 goblins (D:4)
  474 foxfires
479 creatures vanquished.

Grand Total: 673 creatures vanquished

Notes
Turn   | Place    | Note
-------+----------+-------------------------------------------
     0 | D:1      | Atlas the Demonspawn Fire Elementalist began the quest for
                  | the Orb.
     0 | D:1      | Reached XP level 1. HP: 13/13 MP: 3/3
   218 | D:1      | Gained mutation: When seriously injured, your blood forms
                  | armour. (AC +6) [demonic ancestry]
   218 | D:1      | Reached XP level 2. HP: 19/19 MP: 0/5
  1307 | D:1      | Reached XP level 3. HP: 24/24 MP: 0/6
  1533 | D:2      | Learned a level 2 spell: Scorch
  1624 | D:2      | Found a faded altar of an unknown god.
  2069 | D:2      | Reached XP level 4. HP: 30/30 MP: 2/7
  2183 | D:2      | Found a runed translucent door.
  2184 | D:2      | Noticed Crazy Yiuf
  2553 | D:2      | Identified the +8 trident of the Magi {heavy, ^Contam Int+2
                  | Dex+2 SInv}
  2708 | D:2      | Reached skill level 1 in Armour
  3017 | D:2      | Killed Crazy Yiuf
  3257 | D:3      | Noticed Sigmund
  3270 | D:3      | Killed Sigmund
  3271 | D:3      | Reached skill level 1 in Unarmed Combat
  3271 | D:3      | Reached XP level 5. HP: 35/35 MP: 0/9
  3271 | D:3      | Reached XP level 6. HP: 41/41 MP: 0/10
  4281 | D:4      | Found a shimmering altar of Xom.
  4387 | D:4      | Learned a level 4 spell: Flame Wave
  4401 | D:4      | Reached skill level 5 in Fire Magic
  4401 | D:4      | Reached XP level 7. HP: 46/46 MP: 3/13
  4486 | D:4      | Noticed Menkaure
  4492 | D:4      | Killed Menkaure
  4732 | D:4      | Reached skill level 1 in Polearms
  4979 | D:4      | Found Kuugoad's Tiny Tomes.
  5290 | D:5      | Entered Level 5 of the Dungeon
  5453 | D:5      | Reached skill level 5 in Spellcasting
  5631 | D:5      | Reached XP level 8. HP: 53/53 MP: 8/16
  5869 | D:5      | Found a staircase to the Ecumenical Temple.
  5876 | Temple   | Found a transporter.
  5876 | Temple   | Found a transporter.
  5876 | Temple   | Found a transporter.
  5876 | Temple   | Found a transporter.
  5876 | Temple   | Entered the Ecumenical Temple
  6610 | D:6      | Found a radiant altar of Vehumet.
  6624 | D:6      | Became a worshipper of Vehumet
  6653 | D:6      | Found Omin's Weapon Emporium.
  6755 | D:6      | Found Ojaymar's Weapon Emporium.
  6893 | D:6      | Found Uguf's Jewellery Emporium.
  7302 | D:6      | Found Veopo's Book Emporium.
  7521 | D:6      | Gained mutation: A meltable shield of frost defends you.
                  | (SH +4) [demonic ancestry]
  7521 | D:6      | Reached XP level 9. HP: 58/58 MP: 16/19
  7738 | D:6      | Found Zihod's Armour Emporium.
  7878 | D:7      | Noticed Duvessa
  7880 | D:7      | Noticed Dowan
  7887 | D:7      | Killed Duvessa
  7893 | D:7      | Killed Dowan
  8013 | D:7      | Reached * piety under Vehumet
  8013 | D:7      | Offered knowledge of Shock by Vehumet.
  8948 | D:8      | Noticed Jeremiah
  9074 | D:8      | Killed Jeremiah
  9075 | D:8      | Reached skill level 1 in Fighting
  9161 | D:8      | Identified the +5 war axe "Haschugem" {freeze, Dex+2}
  9535 | D:8      | Gained mutation: You have a small tail. [demonic ancestry]
  9535 | D:8      | Reached XP level 10. HP: 40/65 MP: 7/22
  9976 | D:6      | Bought a book of Fire for 416 gold pieces
  9983 | D:6      | Learned a level 6 spell: Starburst
 10074 | D:9      | Identified a scroll of acquirement
 10074 | D:9      | Acquired 1144 gold pieces
 10207 | D:9      | Found a stormy altar of Qazlal.
 10245 | D:9      | Noticed Gastronok
 10257 | D:9      | Killed from afar by Gastronok

Illustrated notes

Levels and vault maps discovered:
D:1:      evilmike_arrival_hilbert_curve, layout_loops_cross
D:2:      minmay_general_purpose_star, layout_basic,
          hellmonk_ecumenical_altar_zigzags, serial_bayou_pond_c,
          serial_bayou_ford_a, minmay_unequal, uniq_crazy_yiuf_cottage
D:3:      layout_rooms, bh_walls_and_bars, uniq_sigmund
D:4:      layout_rooms, xom_confusion_cloud,
          nicolae_shop_i_like_small_books_too, uniq_menkaure
D:5:      layout_basic, minmay_temple_entry_slanted
D:6:      layout_rooms, vehumet_altar_wand_db, serial_shops,
          nicolae_shop_statue_plus, shop, nicolae_shop_advertising_works
          [nicolae_subvault_shop_adworks], shop, shop, minmay_quadrilaterals
D:7:      layout_loops_cross, nicolae_letterblocks [nicolae_letter_subblock,
          nicolae_letter_subblock, nicolae_letter_subblock,
          nicolae_letter_subblock, nicolae_letter_subblock,
          nicolae_letter_subblock, nicolae_letter_subblock,
          nicolae_letter_subblock, nicolae_letter_subblock,
          nicolae_letter_subblock, nicolae_letter_subblock,
          nicolae_letter_subblock, nicolae_letter_subblock,
          nicolae_letter_subblock, nicolae_letter_subblock,
          nicolae_letter_subblock, nicolae_letter_subblock,
          nicolae_letter_subblock, nicolae_letter_subblock,
          nicolae_letter_subblock, nicolae_letter_subblock,
          nicolae_letter_subblock, nicolae_letter_subblock,
          nicolae_letter_subblock, nicolae_letter_subblock], uniq_duvessa
D:8:      layout_rooms, uniq_jeremiah
D:9:      layout_gridville, nicolae_overflow_crystal_walls, enter_bailey_3,
          serial_shops, nicolae_take_the_stairs, roadster_capsule_ark_zombie,
          uniq_gastronok
Temple:   hellmonk_temple_divided_pantheon

Skill      XL: |  1  2  3  4  5  6  7  8  9 |
---------------+----------------------------+-----
Fire Magic     | 3 4 5 6 8 |  8.6
Dodging        | 2 3 |  3.4
Armour         | 1 2 |  2.9
Stealth        | 2 |  2.2
Unarmed Combat | 1 |  1.1
Spellcasting   | 3 4 5 7 8 |  8.6
Conjurations   | 2 3 |  3.7
Polearms       | 1 2 |  2.1
Fighting       | 1 |  1.0
Shields        | |  0.7

Action                     |  1- 3 |  4- 6 |  7- 9 | 10-12 || total
---------------------------+-------+-------+-------+-------++-------
  Melee: Unarmed           |    47 |    26 |       |       ||    73
         Trident           |       |    16 |    31 |     3 ||    50
         Punch             |       |       |     1 |       ||     1
   Cast: Foxfire           |    70 |    59 |   139 |    11 ||   279
         Scorch            |     9 |    38 |   109 |     6 ||   162
         Flame Wave        |       |       |     2 |     2 ||     4
    Use: Potion            |       |     1 |       |       ||     1
         Scroll            |       |       |     9 |     5 ||    14
   Stab: Sleeping          |       |     1 |       |       ||     1
 Armour: Robe              |    44 |       |       |       ||    44
         Leather armour    |     3 |    51 |    26 |       ||    80
         Steam dragon scal |       |       |    40 |     4 ||    44
  Dodge: Dodged            |    49 |    47 |    78 |     2 ||   176
  Block: Other             |       |       |    15 |       ||    15

Table legend: (Time is in decaauts)
 A = Elapsed time spent in this place.
 B = Non-inter-level travel time spent in this place.
 C = Inter-level travel time spent in this place.
 D = Time resting spent in this place.
 E = Time spent auto-exploring this place.
 F = Levels seen in this place.
 G = Mean time per level.
                   A        B        C        D        E       F      G
               +--------+--------+--------+--------+--------+-----+--------+
         Total |  10316 |   9894 |    422 |    642 |   7905 |  10 | 1031.6 |
       Dungeon |  10292 |   9879 |    413 |    642 |   7905 |   9 | 1143.6 |
        Temple |     23 |     14 |      9 |      0 |      0 |   1 |   23.0 |
               +--------+--------+--------+--------+--------+-----+--------+

Top non-repeatable levels by time:
     D:2: 1644 daAuts
     D:1: 1481 daAuts
     D:6: 1320 daAuts
     D:4: 1236 daAuts
     D:7: 1225 daAuts
     D:5: 1142 daAuts
     D:3: 1108 daAuts
     D:8: 1072 daAuts
     D:9: 59 daAuts
  Temple: 23 daAuts
